 Dungeon Crawl Stone Soup version 0.20.1-1-g8b1a95d (webtiles) character file.

27 Monsterracer the Chiller (level 3, 0/28 HPs)
             Began as a Naga Ice Elementalist on Aug 22, 2017.
             Was an Initiate of Ashenzari.
             Slain by a quokka (2 damage)
             ... on level 2 of the Dungeon.
             The game lasted 00:01:26 (1094 turns).

Monsterracer the Chiller (Naga Ice Elementalist)    Turns: 1094, Time: 00:01:27

Health: 0/28       AC:  2    Str: 10    XL:     3   Next: 10%
Magic:  0/6        EV: 10    Int: 16    God:    Ashenzari [......]
Gold:   58         SH:  0    Dex: 11    Spells: 4/7 levels left

rFire    . . .     SeeInvis +   f - -3 spear (curse)
rCold    . . .     Gourm    .   (no shield)
rNeg     . . .     Faith    .   a - +0 robe
rPois    +         Spirit   .   (no helmet)
rElec    .         Reflect  .   (no cloak)
rCorr    .         Harm     .   (no gloves)
MR       .....                  (no barding)
Stlth    ++........             (no amulet)
Regen    0.1/turn               (no ring)
MPRegen  0.1/turn               (no ring)

@: short of breath, very slow
A: see invisible, deformed body, poison resistance, slowness 2, slow metabolism
1, spit poison 1, AC +1
a: Spit Poison, Curse Item, Renounce Religion


You were on level 2 of the Dungeon.
You worshipped Ashenzari.
Ashenzari was noncommittal.
You were not hungry.

You visited 1 branch of the dungeon, and saw 2 of its levels.

You collected 58 gold pieces.

Inventory:

Hand Weapons
 f - a cursed -3 spear (weapon)
Armour
 a - a +0 robe (worn)
Scrolls
 g - 4 scrolls of identify {unknown}
 i - a scroll of blinking {unknown}
 j - a scroll of recharging {unknown}
Potions
 d - a potion of haste {unknown}
 e - 2 potions of curing {unknown}
 h - a potion of ambrosia {unknown}
Books
 b - a book of Frost

   Spells                             Type                      Level
   a - Freeze                         Ice                          1
   b - Throw Frost                    Conjuration/Ice              2
   c - Ozocubu's Armour               Charms/Ice                   3
   d - Throw Icicle                   Conjuration/Ice              4
   e - Summon Ice Beast               Ice/Summoning                4
Comestibles
 c - a bread ration


   Skills:
 - Level 1.5 Dodging
 - Level 3.0 Stealth
 + Level 2.5 Spellcasting
 - Level 1.0 Conjurations
 * Level 3.7 Ice Magic


You had 4 spell levels left.
You knew the following spells:

 Your Spells              Type           Power        Failure   Level  Hunger
a - Freeze                Ice            ##..         4%          1    #......
b - Throw Frost           Conj/Ice       #.....       11%         2    ##.....


Dungeon Overview and Level Annotations

Branches:
Dungeon (2/15)

Altars:
Ashenzari


Innate Abilities, Weirdness & Mutations

You cannot wear boots.
Your serpentine skin is tough. (AC +1)
You have supernaturally acute eyesight. (SInv)
Armour fits poorly on your strangely shaped body.
Your system is resistant to poisons. (rPois)
You cover ground very slowly.
You have a slow metabolism.
You can spit poison.


Message History

Damage: -4%(-1hp) hp: 25%(7hp) Unknown command.
You barely miss the quokka.
The quokka is severely wounded.
The quokka bites you.
* * * LOW HITPOINT WARNING * * *
Huge Dmg: -14%(-4hp) hp: 11%(3hp)
Casting: Freeze
Confirm with . or Enter, or press ? or * to list all spells.
You don't have enough magic to cast that spell.
You barely miss the quokka.
The quokka is severely wounded.
The quokka bites you.
* * * LOW HITPOINT WARNING * * *
The quokka barely misses you.
Huge Dmg: -3%(-1hp) hp: 8%(2hp)
You barely miss the quokka.
The quokka is severely wounded.
The quokka bites you.
You die...

.. #####.#####
#.........# #.........#
#.......... #.........#
#...r.....# ###@# ###..
#..?# #...# #.### #...#
#.# #...######
#####.#####....(.†<#####
#.........#...####.....†
#.........#...#######...
#...........).......(.##
#.........#############


You could see a quokka.

Vanquished Creatures
  An adder (D:2)
  2 leopard geckos (D:1)
  A ball python (D:1)
  2 bats
  3 goblins
  3 hobgoblins (D:1)
  A frilled lizard (D:2)
  2 rats
15 creatures vanquished.

Notes
Turn   | Place    | Note
-------+----------+-------------------------------------------
     0 | D:1      | Monsterracer the Naga Ice Elementalist began the quest for the Orb.
     0 | D:1      | Reached XP level 1. HP: 15/15 MP: 3/3
    47 | D:1      | Found a shattered altar of Ashenzari.
    57 | D:1      | Became a worshipper of Ashenzari the Shackled
   181 | D:1      | HP: 4/15 [hobgoblin (4)]
   328 | D:1      | Reached XP level 2. HP: 15/22 MP: 5/5
   752 | D:1      | Learned a level 2 spell: Throw Frost
  1087 | D:2      | HP: 10/22 [quokka (3)]
  1089 | D:2      | Reached XP level 3. HP: 9/28 MP: 1/6
  1092 | D:2      | HP: 3/28 [quokka (5)]
  1094 | D:2      | Slain by a quokka

Action                   || total
-------------------------++-------
Melee: Spear             ||    26
       Unarmed           ||     4
 Cast: Freeze            ||    20
 Abil: Spit Poison       ||     2
  Use: Scroll            ||     1
 Stab: Sleeping          ||     2
Armor: Robe              ||     6
Dodge: Dodged            ||    27
